 Dungeon Crawl Stone Soup version 0.31-a0-188-g5e087ee2ca (webtiles) character file.

Game seed: 12928489562549534966

24 qw the Shooter (level 2, -1/16 HPs)
             Began as a Deep Elf Hunter on June 23, 2023.
             Slain by a goblin
             ... wielding a +0 dagger
             ... led by Robin
              (4 damage)
             ... on level 2 of the Dungeon.
             The game lasted 00:00:14 (861 turns).

qw the Shooter (Deep Elf Hunter)                     Turns: 861, Time: 00:00:15

Health: -1/16      AC:  3    Str:  8    XL:     2   Next: 79%
Magic:  4/4        EV: 12    Int: 13    God:
Gold:   55         SH:  0    Dex: 18    Spells: 1/1 levels left

rFire   . . .        Y - +0 shortbow
rCold   . . .        (shield currently unavailable)
rNeg    . . .        c - +0 leather armour
rPois   .            (no helmet)
rElec   .            (no cloak)
rCorr   .            (no gloves)
SInv    .            (no boots)
Will    .....        g - amulet of the acrobat
Stlth   ++           (no ring)
HPRegen 0.22/turn    (no ring)
MPRegen 0.09/turn

%: acrobat
@: no status effects
A: no striking features
a: no special abilities


You were on level 2 of the Dungeon.
You visited 1 branch of the dungeon, and saw 2 of its levels.

You collected 55 gold pieces.


   Skills:
 - Level 1.5 Fighting
 + Level 6.5 Ranged Weapons
 - Level 2.4 Dodging
 - Level 1.2 Stealth


You had one spell level left.
You didn't know any spells.
Your spell library was empty.

Inventory:

Hand Weapons
 Y - a +0 shortbow (weapon)
Armour
 c - a +0 leather armour (worn)
Jewellery
 g - an amulet of the acrobat (around neck)
Scrolls
 a - a scroll of enchant armour
 j - 2 scrolls of identify
Potions
 e - a potion of brilliance {unknown}
 f - a potion of curing {unknown}
 h - a potion of haste {unknown}

Dungeon Overview and Level Annotations

Branches:
Dungeon (2/15)

Altars:

Annotations:
D:2 Robin


Message History

A goblin comes into view. It is wielding a +0 dagger.
Robin roars a battlecry!
The goblin goes into a battle-frenzy!
You hear a shout!
You shoot an arrow. The arrow misses the goblin.
The arrow closely misses the rat.
The goblin closely misses you.
You shoot an arrow. The arrow barely misses the goblin.
The arrow closely misses the rat.
The goblin hits you with a +1 dagger of protection.
A goblin comes into view. It is wielding a +0 dagger.
You shoot an arrow. The arrow hits the goblin.
You kill the goblin!
You shoot an arrow. The arrow hits the rat.
You kill the rat!
A goblin comes into view. It is wielding a +0 dagger.
A hobgoblin comes into view.
The goblin closely misses you.
A goblin comes into view. It is wielding a +0 club.
The hobgoblin hits you.
Robin roars a battlecry!
The hobgoblin goes into a battle-frenzy!
You shoot an arrow.
The arrow hits Robin but does no damage.
Robin says, "My army is invincible!"
Robin closely misses you. The goblin barely misses you.
You shoot an arrow. The arrow closely misses Robin.
The arrow hits the goblin!
You kill the goblin!
Robin hits you with a +0 club. The goblin hits you with a +0 dagger.
The hobgoblin closely misses you.
You shoot an arrow. The arrow hits Robin.
Robin is lightly wounded.
The goblin hits you but does no damage.
A goblin comes into view. It is wielding a +0 dagger.
The hobgoblin closely misses you. Robin hits you with a +0 club.
You shoot an arrow.
The arrow hits Robin but does no damage.
Robin is lightly wounded.
The goblin hits you but does no damage. The goblin hits you with a +0 dagger.
You die...

.. ##.# ## ##... .
### #...#=# # )..
#.#..#.##$#
###.####.##...#gg
........ #g#g##.#.#
#.#.#.####g@g...).#
#...%....%..#######
#.#.#.#####.#
#.....# #.# ###.###
... #.# ####
#.####.# #......#
#.####.#


You could see Robin, a hobgoblin (strong) and 4 goblins.

Vanquished Creatures
  A dart slug (D:1)
  An endoplasm (D:1)
  2 giant cockroaches
  4 goblins
  3 hobgoblins (D:2)
  3 kobolds
  2 bats (D:1)
  2 frilled lizards
  3 rats
21 creatures vanquished.

Notes
Turn   | Place    | Note
-------+----------+-------------------------------------------
     0 | D:1      | qw the Deep Elf Hunter began the quest for the Orb.
     0 | D:1      | Reached XP level 1. HP: 12/12 MP: 3/3
     0 | D:1      | 0 ||| qw: Version: 0.3-a-9-g12657ce
     0 | D:1      | 0 ||| qw: Game counter: 3116
     0 | D:1      | 0 ||| qw: Always use a shield: true
     0 | D:1      | 0 ||| qw: God list: Okawaru
     0 | D:1      | 0 ||| qw: Allow faded altars: false
     0 | D:1      | 0 ||| qw: Do Orc after D:15 true
     0 | D:1      | 0 ||| qw: Do second Lair branch before Depths: true
     0 | D:1      | 0 ||| qw: Lair rune preference: random
     0 | D:1      | 0 ||| qw: Plans: Normal
     0 | D:1      | 0 ||| PLANNING D:1-11
   175 | D:1      | 175 ||| READING scroll labelled HAHANUOTEPHU.
   176 | D:1      | 176 ||| READING scroll labelled ONKED FICIET.
   177 | D:1      | 177 ||| READING scroll labelled VESHIF QIN XYH.
   242 | D:1      | Reached skill level 6 in Ranged Weapons
   242 | D:1      | Reached XP level 2. HP: 16/16 MP: 4/4
   769 | D:1      | 769 ||| UPGRADING to amulet of the acrobat.
   774 | D:1      | 774 ||| READING scroll labelled VULIEC UCODWI.
   775 | D:1      | 775 ||| READING scroll labelled MENNYM TOPEUKEKLE.
   776 | D:1      | 776 ||| DROPPING scroll of butterflies.
   850 | D:2      | Noticed Robin
   859 | D:2      | HP: 3/16 [goblin/+0 dagger[Robin] (5)]
   861 | D:2      | Slain by a goblin

Levels and vault maps discovered:
D:1:      dpeg_arrival_rooms_b, layout_loops_ring, serial_aquarium,
          aquarium_bridge_island_small [aquarium_subvault_small_water,
          aquarium_subvault_window, aquarium_subvault_wall,
          aquarium_subvault_bridge, aquarium_subvault_wall],
          aquarium_bridge_square [aquarium_subvault_window,
          aquarium_subvault_window, aquarium_subvault_bridge,
          aquarium_subvault_balcony], aquarium_window_1, aquarium_window_corner,
          aquarium_window_1, aquarium_view_2a, aquarium_pool_side
D:2:      cheibrodos_pilgrimage, layout_loops_ring, minmay_small_reverse_x,
          uniq_robin, uniq_jessica, uniq_crazy_yiuf_cottage

Skill      XL: |  1 |
---------------+----+-----
Ranged Weapons | 6 |  6.5
Fighting       | |  1.5
Dodging        | |  2.4
Stealth        | |  1.2

Action                     || total
---------------------------++-------
   Fire: Shortbow          ||    49
    Use: Scroll            ||     5
 Armour: Leather armour    ||     4
  Dodge: Dodged            ||    11

Table legend:
 A = Non-vault XP
 B = Vault XP
 C = Vault XP percentage of total XP
 D = Non-vault monster count
 E = Vault monster count
 F = Vault count percentage of total count
                 A         B        C        D         E       F
            +---------+---------+-------+---------+---------+-------
      Total |      22 |      13 |  37.1 |      13 |       8 |  38.1
            +---------+---------+-------+---------+---------+-------
        D:1 |      19 |       0 |   0.0 |      11 |       0 |   0.0
        D:2 |       3 |      13 |  81.2 |       2 |       8 |  80.0
            +---------+---------+-------+---------+---------+-------
